 Dungeon Crawl Stone Soup version 0.27.1-1-g398f81649c (webtiles) character file.

Game seed: 13707808067168865935

193 Mesmaeker13 the Caller (level 5, -7/35 HPs)
             Began as a Barachi Summoner on Sept 15, 2021.
             Was an Initiate of Ashenzari.
             Mangled by an ogre (29 damage)
             ... on level 5 of the Dungeon.
             The game lasted 00:06:29 (4930 turns).

Mesmaeker13 the Caller (Barachi Summoner)           Turns: 4930, Time: 00:06:29

Health: -7/35      AC:  4    Str: 10    XL:     5   Next: 72%
Magic:  4/10       EV: 13    Int: 16    God:    Ashenzari [......]
Gold:   205        SH:  0    Dex: 12    Spells: 1/11 levels left

rFire    . . .     SeeInvis .   m - +0 short sword (drain)
rCold    . . .     Faith    .   (no shield)
rNeg     . . .     Spirit   .   a - +0 robe
rPois    .         Reflect  .   n - +0 helmet
rElec    .         Harm     .   (no cloak)
rCorr    .         Rampage  .   (no gloves)
Will     .....                  t - +0 pair of boots
Stlth    ++........             (no amulet)
HPRegen  0.11/turn              (no ring)
MPRegen  0.12/turn              (no ring)

@: studying Stealth, slow
A: amphibious, slowness 1, strong legs 1, +LOS
a: Hop, Renounce Religion


You were on level 5 of the Dungeon.
You worshipped Ashenzari.
Ashenzari was noncommittal.
You visited 2 branches of the dungeon, and saw 6 of its levels.

You collected 205 gold pieces.

Inventory:

Hand Weapons
 g - a +0 long sword
 m - a +0 short sword of draining (weapon)
Armour
 a - a +0 robe (worn)
 n - a +0 helmet (worn)
 t - a +0 pair of boots (worn)
Scrolls
 b - a scroll of vulnerability
 d - a scroll of fear
 e - 4 scrolls of teleportation
 i - a scroll of holy word
 l - a scroll of enchant weapon
 o - a scroll of enchant armour
 q - a scroll of blinking
 s - a scroll of fog
Potions
 c - a potion of ambrosia
 f - a potion of cancellation
 h - 3 potions of brilliance
 j - a potion of curing
 k - a potion of might
 p - a potion of flight
 r - a potion of haste


   Skills:
 + Level 4.0 Dodging
 - Level 1.7 Stealth
 + Level 3.6 Spellcasting
 + Level 6.1 Summonings
 + Level 1.0 Air Magic


You had one spell level left.
You knew the following spells:

 Your Spells              Type           Power      Damage    Failure   Level
a - Summon Small Mammal   Summ           88%        N/A       1%          1
b - Call Imp              Summ           22%        N/A       2%          2
c - Call Canine Familiar  Summ           22%        N/A       4%          3
d - Summon Lightning Spi  Summ/Air       14%        N/A       38%         4

Your spell library contained the following spells:

 Spells                   Type           Power      Damage    Failure   Level
 Summon Guardian Golem    Hex/Summ       12%        N/A       16%         3
 Gell's Gravitas          Tloc           1%         N/A       47%         3
 Teleport Other           Tloc           2%         N/A       47%         3
 Airstrike                Air            3%         N/A       75%         4
 Lightning Bolt           Conj/Air       2%         1d13      98%         5
 Dispersal                Tloc           1%         N/A       100%        6


Dungeon Overview and Level Annotations

Branches:
Dungeon (5/15)             Temple (1/1) D:4

Altars:
Ashenzari
Cheibriados
Dithmenos
Elyvilon
Fedhas
Hepliaklqana
Kikubaaqudgha
Makhleb
Nemelex Xobeh
Okawaru
Qazlal
Ru
Sif Muna
Trog
Uskayaw
Vehumet
Wu Jian
Yredelemnul
Zin
The Shining One

Shops:
D:3 !

Annotations:
D:4 Sigmund


Innate Abilities, Weirdness & Mutations

You are amphibious.
You cover ground slowly.
You can hop short distances.
You have an extended range of vision and can be seen from far away.


Message History

Magic restored.
There is a stone staircase leading down here.
You start resting.
HP restored.
Unknown command.
You climb downwards.
Level annotation: Sigmund
There is a stone staircase leading up here.
Unknown command.
Sigmund shouts!
There is a stone staircase leading down here.
You climb downwards.
Found 10 gold pieces and a +0 quarterstaff.
Found an escape hatch in the ceiling.
There is a stone staircase leading up here.
Unknown command.
The hound barks!
The ogre shouts!
You aren't carrying any items that you can evoke.
Unknown command.
Okay, then.
Casting: Call Canine Familiar (dangerous; 4% risk of failure)
Confirm with . or Enter, or press ? or * to list all spells.
A beastly little devil appears in a puff of flame.
Casting: Call Imp (safe; 2% risk of failure)
Confirm with . or Enter, or press ? or * to list all spells.
A beastly little devil appears in a puff of frigid air.
Your crimson imp hits the hound.
Your white imp gestures at the ogre.
The puff of frost hits the ogre!
Casting: Call Imp (safe; 2% risk of failure)
Confirm with . or Enter, or press ? or * to list all spells.
A beastly little devil appears in a puff of flame.
The hound barely misses you.
Your crimson imp hits the hound.
The hound bites you.
The ogre hits you with a +0 giant spiked club!
The hound closely misses you.
Your crimson imp hits the hound.
Your crimson imp blinks!
The ogre hits you with a +0 giant spiked club!!
Ouch! That really hurt!
You die...

..< .#. ##..
....
##..####....
.........
##......###.
#.......5...
#.5.........
#..hO.......
##ยง@5......$
##..##.....
...# ....
#...# ..
##... . #...#
##.)# ... ...


You could see an ogre (ally target), a hound (ally target), 2 friendly crimson
imps and a friendly white imp (summoned).

Vanquished Creatures
  An orc priest (D:3)
  2 adders
  An adder skeleton (D:4)
  3 orcs (D:3)
  3 bats
  5 endoplasms
  2 giant cockroaches
  A jackal (D:1)
  A kobold (D:4)
  3 ball pythons (D:1)
  3 frilled lizards
  A rat (D:3)
26 creatures vanquished.

Vanquished Creatures (collateral kills)
  A scorpion (D:4)
  A jelly (D:3)
  Natasha (D:4)
  An orc wizard (D:3)
  Ijyb (D:4)
  3 adders
  A worm (D:2)
  4 orcs (D:3)
  4 bats (D:1)
  3 endoplasms
  A giant cockroach (D:1)
  6 hobgoblins
  2 jackals (D:1)
  4 kobolds
  2 quokkas (D:1)
  3 ball pythons
  3 goblins
  2 rats (D:1)
43 creatures vanquished.

Vanquished Creatures (others)
  A plant (D:3)
1 creature vanquished.

Grand Total: 70 creatures vanquished

Notes
Turn   | Place    | Note
-------+----------+-------------------------------------------
     0 | D:1      | Mesmaeker13 the Barachi Summoner began the quest for the
                  | Orb.
     0 | D:1      | Reached XP level 1. HP: 13/13 MP: 3/3
   343 | D:1      | Reached skill level 5 in Summonings
   347 | D:1      | Reached XP level 2. HP: 17/19 MP: 3/5
  1602 | D:2      | Learned a level 2 spell: Call Imp
  1818 | D:2      | Reached XP level 3. HP: 24/24 MP: 4/6
  2481 | D:3      | Learned a level 3 spell: Call Canine Familiar
  2726 | D:3      | Found a faded altar of an unknown god.
  2753 | D:3      | Reached XP level 4. HP: 21/30 MP: 2/8
  2951 | D:3      | Found a glowing golden altar of the Shining One.
  2952 | D:3      | Found a radiant altar of Vehumet.
  2952 | D:3      | Found a stormy altar of Qazlal.
  2952 | D:3      | Found Xaih's Distillery.
  3216 | D:3      | Reached XP level 5. HP: 35/35 MP: 5/10
  3625 | D:4      | Learned a level 4 spell: Summon Lightning Spire
  3755 | D:4      | Noticed Natasha
  3761 | D:4      | Killed Natasha
  3834 | D:4      | Found a staircase to the Ecumenical Temple.
  3844 | Temple   | Entered the Ecumenical Temple
  4148 | Temple   | Became a worshipper of Ashenzari the Shackled
  4257 | D:4      | Reached skill level 6 in Summonings
  4632 | D:4      | Noticed Ijyb
  4637 | D:4      | Noticed Sigmund
  4653 | D:4      | Killed Ijyb
  4654 | D:4      | Reached skill level 1 in Air Magic
  4923 | D:5      | Entered Level 5 of the Dungeon
  4923 | D:5      | Noticed an ogre
  4930 | D:5      | Mangled by an ogre

Illustrated notes

Levels and vault maps discovered:
D:1:      amcnicky_arrival_feature_with_door, layout_basic,
          chequers_serial_rivers_large_a, kennysheep_another_room
D:2:      layout_loops_ring, minmay_misc_feat_x
D:3:      layout_rooms, gammafunk_temple_overflow_forgotten,
          hellmonk_ecumenical_altar_pennies_from_heaven, serial_shops, shop
D:4:      layout_loops_ring, minmay_temple_entry_mist, serial_park_tiny_pond,
          chequers_serial_rivers_micro_d, roderic_batcave, columned_hall_lemuel,
          amethyst_killhole, kennysheep_generic_room_10, uniq_ijyb,
          uniq_sigmund, uniq_natasha, uniq_edmund
D:5:      layout_cave_pools, minmay_fountain_box, minmay_misc_feat_chi,
          hangedman_abyss_or_decor_stagger, nicolae_shop_firing_range
Temple:   minmay_temple_bridge_d

Skill      XL: |  1  2  3  4  5 |
---------------+----------------+-----
Summonings     | 5 6 |  6.1
Dodging        | 3 4 |  4.0
Spellcasting   | 3 |  3.6
Air Magic      | 1 |  1.0
Stealth        | |  1.7

Action                   |  1- 3 |  4- 6 || total
-------------------------+-------+-------++-------
Melee: Unarmed           |    19 |       ||    19
       Dagger            |    56 |       ||    56
       Long sword        |    15 |    28 ||    43
       Short sword       |       |     4 ||     4
 Cast: Summon Small Mamm |    34 |       ||    34
       Call Imp          |    14 |    26 ||    40
       Call Canine Famil |       |     9 ||     9
 Abil: Hop               |       |     1 ||     1
  Use: Scroll            |     3 |       ||     3
 Stab: Distracted        |     2 |     1 ||     3
Armor: Robe              |    48 |     4 ||    52
Dodge: Dodged            |   121 |    17 ||   138
       Rpst.: Long sword |     6 |     5 ||    11
